 Dungeon Crawl Stone Soup version 0.27-a0-1200-g94dc6ad4cf (webtiles) character file.

Game seed: 7143960426948639620

862 Froggeryz the Cleaver (level 7, -3/55 HPs)
             Began as a Palentonga Fighter on June 1, 2021.
             Was an Initiate of Okawaru.
             Killed from afar by a raiju (8 damage)
             ... with a living lightning
             ... on level 1 of the Abyss.
             The game lasted 00:06:12 (6189 turns).

Froggeryz the Cleaver (Palentonga Fighter)          Turns: 6189, Time: 00:06:13

Health: -3/55      AC: 14    Str: 21    XL:     7   Next: 72%
Magic:  7/7        EV:  5    Int:  8    God:    Okawaru [......]
Gold:   102        SH:  8    Dex: 10    Spells: 6/6 levels left

rFire    . . .     SeeInvis +   a - +0 war axe
rCold    . . .     Faith    .   c - +0 kite shield
rNeg     . . .     Spirit   .   b - +0 scale mail
rPois    +         Reflect  .   (no helmet)
rElec    .         Harm     .   v - +0 cloak
rCorr    .         Rampage  .   (no gloves)
Will     .....                  (no barding)
Stlth    ..........             (no amulet)
HPRegen  0.18/turn              m - ring of poison resistance
MPRegen  0.10/turn              (no ring)

@: about to teleport, curled up
A: large, rugged brown scales 3, see invisible, deformed body, roll 1, armoured
tail, reflexive curl
a: Rolling Charge, Renounce Religion


You were on level 1 of the Abyss.
You worshipped Okawaru.
Okawaru was noncommittal.
You visited 2 branches of the dungeon, and saw 7 of its levels.
You visited the Abyss 1 time.

You collected 102 gold pieces.

Inventory:

Hand Weapons
 a - a +0 war axe (weapon)
Missiles
 h - 2 javelins
 p - 37 poisoned darts (quivered)
 r - 6 silver javelins
Armour
 b - a +0 scale mail (worn)
 c - a +0 kite shield (worn)
 v - a +0 cloak (worn)
 x - the +6 scale mail of Jume {rPois}
   (You found it on level 1 of the Abyss)

   It protects you from poison.
Jewellery
 l - an amulet of the acrobat
 m - a ring of poison resistance (left hand)
 q - a ring of ice
Wands
 k - a wand of acid (12)
 w - a wand of flame (18)
Scrolls
 f - 12 scrolls of identify {unknown}
 i - 2 scrolls of enchant weapon {unknown}
 o - a scroll of teleportation
 s - a scroll of noise {unknown}
 u - 2 scrolls of vulnerability {unknown}
Potions
 d - a potion of might
 e - 4 potions of attraction {unknown}
 g - a potion of degeneration {unknown}
 j - 2 potions of curing {unknown}
 n - a potion of heal wounds {unknown}
 t - a potion of haste {unknown}


   Skills:
 - Level 3.0 Fighting
 * Level 9.0 Axes
 - Level 2.4 Armour
 + Level 2.5 Shields


You had 6 spell levels left.
You didn't know any spells.
Your spell library was empty.

Dungeon Overview and Level Annotations

Branches:
Dungeon (6/15)             Temple (1/1) D:5

Altars:
Ashenzari
Cheibriados
Dithmenos
Elyvilon
Fedhas
Gozag
Hepliaklqana
Kikubaaqudgha
Makhleb
Nemelex Xobeh
Okawaru
Qazlal
Ru
Sif Muna
Trog
Uskayaw
Vehumet
Wu Jian
Xom
Yredelemnul
Zin
The Shining One

Shops:
D:3 =   D:4 (

Annotations:
D:4 1 runed translucent door, Morbidden's ghost, amateur DDFi
D:6 Blork the orc


Innate Abilities, Weirdness & Mutations

You are completely covered in rugged brown scales. (AC +3, +7% HP)
You have supernaturally acute eyesight. (SInv)
Armour fits poorly on your strangely shaped body.
You can roll at nearby foes to attack.
You have a long armoured tail.
You curl defensively after being hit.


Message History

A balrug comes into view. It is wielding a +0 demon whip of pain.
Found a scroll labelled DEANAE TOAM.
You closely miss the thrashing horror.
Your shield and scale mail prevent you from hitting the large abomination.
You are suddenly pulled into a different region of the Abyss!
Found a curved bronze wand and 45 gold pieces.
w - a wand of flame (18)
Found 25 gold pieces.
Found a distressingly furry scale mail.
You see here the +6 scale mail of Jume {rPois}.
x - the +6 scale mail of Jume {rPois} A hellwing comes into view.
You start resting.
HP restored.
You start waiting.
Done waiting.
You start waiting.
A raiju comes into view. x3
As you read the scroll of teleportation, it crumbles to dust.
You feel strangely unstable.
You feel the power of the Abyss delaying your translocation!
The raiju barks!
You hear a bark! x2; You hear an angry squeal.
A raiju comes into view.
The raiju barks! 2 raiju come into view.
A raiju comes into view.
The raiju bites you but does no damage.
The raiju bursts into living lightning!
The living lightning hits the raiju.
The raiju completely resists.
The living lightning hits you!
The raiju blinks!
A starcursed mass comes into view.
The raiju bites you! The raiju shocks you!
A starcursed mass splits.
Found a shimmering altar of Xom.
You block the raiju's attack.
A starcursed mass splits.
A chorus of shrieks assaults your mind.
The raiju bursts into living lightning!
The living lightning hits you!
* * * LOW HITPOINT WARNING * * *
The living lightning hits you!
You die...

.. # ###§ .. .. .##
..####. .. .#..#
..... #..
...#.##...# #.#
#.......## #.#
#...#..## #.#.# #
#@.h.h###.h..#
#..#.#.#.h.#
#..#.##§hX###hh...#
## .. #..X#.....##
..# .#..X###h..#
#.# #..#...# h....
.. #.#..#._. ..#.##
.#. #.... #.#. .##
# #.#.. .#..#. ..


You could see 2 starcursed masses and 4 raiju.

Vanquished Creatures
  An ogre (D:5)
  A phantom (D:5)
  2 scorpions (D:4)
  2 water moccasin skeletons (D:5)
  2 howler monkeys
  2 hounds (D:5)
  A centaur skeleton (D:5)
  A scorpion zombie (D:5)
  An iguana (D:3)
  A hound zombie (D:5)
  A hound skeleton (D:4)
  9 adders
  4 white imps
  2 adder skeletons (D:4)
  3 worms
  2 dart slugs
  8 orcs
  6 bats
  7 endoplasms
  5 giant cockroaches
  8 goblins
  7 hobgoblins
  16 jackals
  6 kobolds
  5 quokkas
  6 ball pythons
  3 frilled lizards
  2 goblin skeletons (D:3)
  A goblin zombie (D:3)
  A hobgoblin zombie (D:3)
  A kobold skeleton (D:3)
  A kobold zombie (D:3)
  2 orc skeletons (D:3)
  An orc zombie (D:3)
  8 rats
129 creatures vanquished.

Notes
Turn   | Place    | Note
-------+----------+-------------------------------------------
     0 | D:1      | Froggeryz the Palentonga Fighter began the quest for the
                  | Orb.
     0 | D:1      | Reached XP level 1. HP: 19/19 MP: 1/1
    64 | D:1      | Reached XP level 2. HP: 22/25 MP: 2/2
    79 | D:1      | Reached skill level 3 in Axes
   255 | D:1      | Found a faded altar of an unknown god.
   372 | D:1      | Reached XP level 3. HP: 21/31 MP: 3/3
  1007 | D:2      | Reached skill level 4 in Axes
  1155 | D:2      | Reached XP level 4. HP: 37/37 MP: 4/4
  1645 | D:2      | Found a white marble altar of Elyvilon.
  1995 | D:3      | Reached skill level 5 in Axes
  1997 | D:3      | Found a glowing golden altar of the Shining One.
  2064 | D:3      | Found Xeeczyar's Jewellery Boutique.
  2166 | D:3      | Reached XP level 5. HP: 43/43 MP: 5/5
  2833 | D:4      | Reached skill level 6 in Axes
  3169 | D:4      | Reached XP level 6. HP: 50/50 MP: 6/6
  3222 | D:4      | Found Muossofu's Weapon Shoppe.
  3539 | D:4      | Found a runed translucent door.
  3546 | D:4      | Noticed Morbidden's ghost (amateur DDFi)
  3565 | D:4      | Reached skill level 7 in Axes
  3737 | D:5      | Entered Level 5 of the Dungeon
  3818 | D:5      | Reached skill level 8 in Axes
  3818 | D:5      | Gained mutation: You curl defensively after being hit.
                  | [Palentonga growth]
  3818 | D:5      | Reached XP level 7. HP: 22/55 MP: 7/7
  4041 | D:5      | Found a staircase to the Ecumenical Temple.
  4084 | Temple   | Entered the Ecumenical Temple
  4537 | Temple   | Became a worshipper of Warmaster Okawaru
  5078 | D:6      | Noticed Blork the orc
  5086 | D:5      | Reached skill level 9 in Axes
  5578 | D:6      | Cast into level 1 of the Abyss (orc)
  5614 | Abyss:1  | Noticed a bone dragon
  5627 | Abyss:1  | Noticed an ancient zyme
  5851 | Abyss:1  | Noticed an ancient lich
  5857 | Abyss:1  | Noticed a large abomination
  5882 | Abyss:1  | Noticed a starcursed mass
  5887 | Abyss:1  | Noticed a red devil
  5890 | Abyss:1  | Noticed a sun demon
  5891 | Abyss:1  | Noticed a thrashing horror
  5891 | Abyss:1  | Noticed a balrug
  5909 | Abyss:1  | Identified the +6 scale mail of Jume {rPois}
  5911 | Abyss:1  | Noticed a hellwing
  6180 | Abyss:1  | Noticed a raiju
  6180 | Abyss:1  | Noticed a raiju
  6180 | Abyss:1  | Noticed a raiju
  6181 | Abyss:1  | Noticed a raiju
  6182 | Abyss:1  | Noticed a raiju
  6182 | Abyss:1  | Noticed a raiju
  6182 | Abyss:1  | Noticed a raiju
  6185 | Abyss:1  | Found a shimmering altar of Xom.
  6185 | Abyss:1  | Noticed a starcursed mass
  6189 | Abyss:1  | Killed from afar by a raiju

Illustrated notes

Levels and vault maps discovered:
D:1:      evilmike_arrival_plus, layout_rooms,
          hellmonk_ecumenical_altar_pennies_from_heaven
D:2:      layout_basic, basic_altar, hangedman_abyss_or_decor_stabs
D:3:      layout_basic, nicolae_tso_besieged_by_evil, serial_shops, shop,
          grunt_decor_mini_mirrors
D:4:      layout_loops_ring, ebering_ghost_sewer_d, serial_shops, shop_statue,
          bh_walls_and_bars
D:5:      layout_cave_pools, minmay_temple_entry_overgrown,
          chequers_hall_statues_corner_a
D:6:      layout_cave_pools, gup_ossuary_entry_pyramid,
          hangedman_abyss_or_decor_jellyfish_corner, uniq_blork_the_orc
Temple:   roderic_octagonal_lattice_temple
Abyss:1:  base:
D:6

Skill      XL: |  1  2  3  4  5  6  7 |
---------------+----------------------+-----
Axes           | 3 4 5 6 8 9 |  9.0
Fighting       | |  3.0
Armour         | |  2.4
Shields        | |  2.5

Action                   |  1- 3 |  4- 6 |  7- 9 || total
-------------------------+-------+-------+-------++-------
Melee: War axe           |    99 |   183 |    55 ||   337
       Tailslap          |     6 |    19 |     6 ||    31
Throw: Throwing net      |       |     1 |       ||     1
       Dart              |       |       |     4 ||     4
  Use: Scroll            |       |       |     3 ||     3
 Stab: Held in net/web   |       |     1 |       ||     1
Armor: Scale mail        |    45 |    89 |    40 ||   174
Dodge: Dodged            |    33 |    35 |    14 ||    82
Block: Kite shield       |    59 |    83 |    34 ||   176

Table legend: (Time is in decaauts)
 A = Elapsed time spent in this place.
 B = Non-inter-level travel time spent in this place.
 C = Inter-level travel time spent in this place.
 D = Time resting spent in this place.
 E = Time spent auto-exploring this place.
 F = Levels seen in this place.
 G = Mean time per level.
                   A        B        C        D        E       F      G
               +--------+--------+--------+--------+--------+-----+--------+
         Total |   6342 |   6169 |    173 |   1110 |   4065 |   8 |  792.8 |
       Dungeon |   5262 |   5130 |    132 |    665 |   3640 |   6 |  877.0 |
        Temple |    468 |    427 |     41 |      0 |    425 |   1 |  468.0 |
         Abyss |    611 |    611 |      0 |    445 |      0 |   1 |  611.0 |
               +--------+--------+--------+--------+--------+-----+--------+

Top non-repeatable levels by time:
     D:5: 1364 daAuts
     D:4: 1118 daAuts
     D:2: 1076 daAuts
     D:1: 941 daAuts
     D:3: 729 daAuts
 Abyss:1: 611 daAuts
  Temple: 468 daAuts
     D:6: 32 daAuts
